 Dungeon Crawl Stone Soup version 0.25-a0-287-g56a5b49892 (webtiles) character file.

Game seed: 7630243163907046182, levelgen mode: deterministic

33 floatRand the Shield-Bearer (level 3, -1/29 HPs)
             Began as a Formicid Fighter on Dec 12, 2019.
             Splashed by a jelly's acid (3 damage)
             ... on level 2 of the Dungeon.
             The game lasted 00:02:05 (1246 turns).

floatRand the Shield-Bearer (Formicid Fighter)      Turns: 1246, Time: 00:02:05

Health: -1/29      AC:  2    Str: 24 (25) XL:     3   Next: 47%
Magic:  3/3        EV:  8    Int:  4 (7)  God:
Gold:   27         SH:  9    Dex:  9 (11) Spells: 2/2 levels left

rFire    . . .     SeeInvis +   l - +1 short sword (venom)
rCold    . . .     Gourm    .   c - +0 shield
rNeg     . . .     Faith    .   b - +0 scale mail
rPois    +         Spirit   .   (helmet unavailable)
rElec    .         Reflect  .   (no cloak)
rCorr    .         Harm     .   (no gloves)
MR       .....                  (no boots)
Stlth    ..........             (no amulet)
HPRegen  0.09/turn              k - ring of poison resistance
MPRegen  0.08/turn              (no ring)

@: mighty, corroded
A: permanent stasis, dig shafts and tunnels, four strong arms, antennae 3
a: Dig, Shaft Self


You were on level 2 of the Dungeon.
You were very hungry.

You visited 1 branch of the dungeon, and saw 2 of its levels.

You collected 27 gold pieces.

Inventory:

Hand Weapons
 a - a +0 war axe
 e - a +0 dagger of electrocution
 g - a +0 hand axe of venom
 l - a +1 short sword of venom (weapon)
Missiles
 i - 21 poisoned darts (quivered)
Armour
 b - a +0 scale mail (worn)
 c - a +0 shield (worn)
Jewellery
 k - a ring of poison resistance (left hand)
Potions
 h - a potion of curing
 j - a potion of heal wounds {unknown}
 m - a potion of resistance {unknown}
Comestibles
 f - 2 rations


   Skills:
 - Level 3.2 Fighting
 + Level 2.6 Axes
 - Level 3.2 Armour
 + Level 2.0 Stealth
 + Level 4.2 Shields


You had 2 spell levels left.
You didn't know any spells.
Your spell library was empty.

Dungeon Overview and Level Annotations

Branches:
Dungeon (2/15)

Altars:
Makhleb


Innate Abilities, Weirdness & Mutations

You cannot be hasted, slowed, berserked, paralysed or teleported.
You can dig through walls and to a lower floor.
Your four strong arms can wield two-handed weapons with a shield.
You have a pair of large antennae on your head. (SInv)


Message History

The jelly hits you but does no damage.
You hit the jelly but do no damage.
Your hands burn!
The jelly is moderately wounded.
The jelly hits you. The acid corrodes you!
You are splashed with acid!
* * * LOW HITPOINT WARNING * * *
Unknown command.
You hit the jelly but do no damage.
Your hands burn!
* * * LOW HITPOINT WARNING * * *
The jelly is moderately wounded.
You block the jelly's attack.
Unknown command.
Unknown command.
Unknown command.
You see here a stone.
You see here a stone.
You see here a stone.
You feel very mighty all of a sudden. You block the jelly's attack.
You puncture the jelly!
Your hands burn!
You die...

# ####### #.
##########J.....#
#.#####....(.##'{÷...P#
#.#.##..(....#J#{....÷#
###...'........#J#.÷.{..#
......'........#J#.÷....#
#####('......#'#J#JPP.÷.#
..((÷.##.....#.#@#.J..÷.#
##(######....#.#.#PJPJ..#
##.############.##.....(#
...)...##########
##.####......# #.#
#.###### ..# #.# #### #.#
#######.#


You could see a jelly and 3 oozes.

Vanquished Creatures
  2 oozes (D:2)
  A dart slug (D:1)
  A goblin (D:1)
  4 hobgoblins (D:1)
  5 kobolds (D:2)
  4 bats
  A frilled lizard (D:1)
  3 rats (D:1)
21 creatures vanquished.

Vanquished Creatures (others)
  A fungus (D:2)
  10 toadstools (D:2)
11 creatures vanquished.

Grand Total: 32 creatures vanquished

Notes
Turn   | Place    | Note
-------+----------+-------------------------------------------
     0 | D:1      | floatRand the Formicid Fighter began the quest for the Orb.
     0 | D:1      | Reached XP level 1. HP: 18/18 MP: 1/1
    84 | D:1      | Reached XP level 2. HP: 23/24 MP: 2/2
   107 | D:1      | Reached skill level 1 in Stealth
   255 | D:1      | Reached skill level 4 in Shields
   823 | D:1      | Found a burning altar of Makhleb.
   920 | D:2      | Reached XP level 3. HP: 29/29 MP: 3/3
  1240 | D:2      | HP: 1/29 [acid (1)]
  1246 | D:2      | Splashed by a jelly's acid

Levels and vault maps discovered:
D:1:      dpeg_arrival_lava_altar, layout_basic, serial_curves, eino_curves_04,
          eino_curves_03, eino_curves_01
D:2:      cheibrodos_fertilizer, layout_loops_ring, serial_co_window_serial,
          co_window_paths_a, co_window_cross_1, co_window_corner_a,
          co_window_paths_a, co_window_corner_a, co_window_corner_cb,
          co_window_corner_b, co_window_corner_b, co_window_of_opportunity_b,
          co_window_cross_2, glass_columns_a, glass_columns_a, glass_columns_b

Skill      XL: |  1  2  3 |
---------------+----------+-----
Stealth        | 1 2 |  2.0
Shields        | 4 |  4.2
Fighting       | |  3.2
Axes           | |  2.6
Armour         | |  3.2

Action                   || total
-------------------------++-------
Melee: War axe           ||    60
       Short sword       ||    13
  Use: Potion            ||     3
Armor: Scale mail        ||    39
Dodge: Dodged            ||    23
Block: Shield            ||    44

Table legend:
 A = Non-vault XP
 B = Vault XP
 C = Vault XP percentage of total XP
 D = Non-vault monster count
 E = Vault monster count
 F = Vault count percentage of total count
                 A         B        C        D         E       F
            +---------+---------+-------+---------+---------+-------
      Total |      31 |      17 |  35.4 |      15 |       6 |  28.6
            +---------+---------+-------+---------+---------+-------
        D:1 |      23 |       0 |   0.0 |      13 |       0 |   0.0
        D:2 |       8 |      17 |  68.0 |       2 |       6 |  75.0
            +---------+---------+-------+---------+---------+-------
